Selects Airborne Battlegroup
Construct Weapon Support Center
Construct Weapon Support Center
Selects Paratrooper Squad Paradrop
Paratrooper Squad Paradrop
Construct Medical Station
Paratrooper Squad Paradrop
Mechanized Support Center
Selects Anti-tank Gun Team Paradrop
Selects Paradrop Reinforcements
Designate Forward Repair Station
Anti-tank Gun Team Paradrop
Anti-tank Gun Team Paradrop
M4A1(76) Sherman Medium Tank
Improved M9 Bazooka Rockets
Selects Carpet Bombing Run
M4A1(76) Sherman Medium Tank
M4A1(76) Sherman Medium Tank
M18 Hellcat Tank Destroyer
Paratrooper Squad Paradrop
Paratrooper Squad Paradrop
M4A1(76) Sherman Medium Tank